 Dungeon Crawl Stone Soup version 0.18-a0-1120-g03bd624 (webtiles) character file.

125 Reinor the Twirler (level 4, -1/37 HPs)
             Began as a Minotaur Gladiator on Jan 18, 2016.
             Slain by an orc priest
             ... wielding a +0 whip
              (3 damage)
             ... on level 3 of the Dungeon.
             The game lasted 00:05:28 (1816 turns).

Reinor the Twirler (Minotaur Gladiator)             Turns: 1816, Time: 00:05:28

Health: -1/37      AC:  7    Str: 19    XL:     4   Next: 82%
Magic:  3/3        EV: 11    Int:  5    God:
Gold:   129        SH:  0    Dex: 12    Spells: 0 memorised, 3 levels left

rFire  . . .     SeeInvis .     a - +0 quarterstaff
rCold  . . .     Gourm    .     h - +0 scale mail
rNeg   . . .     Faith    .     (shield currently unavailable)
rPois  .         Spirit   .     c - +0 hat
rElec  .         Dismiss  .     (no cloak)
rCorr  .         Reflect  .     (no gloves)
SustAt .         Harm     .     e - +0 pair of boots
MR     .....                    (no amulet)
Stlth  ..........               (no ring)
                                (no ring)

@: not resistant to hostile enchantments, extremely unstealthy
A: retaliatory headbutt, horns 2
a: no special abilities


You were on level 3 of the Dungeon.
You were not hungry.

You visited 1 branch of the dungeon, and saw 3 of its levels.

You collected 129 gold pieces.

Inventory:

Hand Weapons
 a - a +0 quarterstaff (weapon)
Missiles
 d - 5 throwing nets (quivered)
Armour
 c - a +0 hat (worn)
 e - a +0 pair of boots (worn)
 h - a +0 scale mail (worn)
Scrolls
 g - a scroll of teleportation {unknown}
 i - a scroll of amnesia {unknown}
Potions
 k - a potion of flight {unknown}
 l - a potion of ambrosia {unknown}
Comestibles
 b - 4 chunks of flesh
 f - 3 bread rations
 j - 5 fruits


   Skills:
 - Level 2.4 Fighting
 - Level 6.1 Staves
 - Level 2.0 Throwing
 + Level 2.5 Armour
 - Level 3.2 Dodging


You had 3 spell levels left.
You didn't know any spells.

Dungeon Overview and Level Annotations

Branches:
Dungeon (3/15)

Altars:


Innate Abilities, Weirdness & Mutations

You reflexively headbutt those who attack you in melee.
You have a pair of horns on your head.


Message History

The orc priest shouts!
The orc hits you from afar with a trident.
An orc comes into view.
The orc priest calls down the wrath of Beogh upon you.
Something smites you!
* * * LOW HITPOINT WARNING * * *
The orc hits you but does no damage.
You barely miss the orc. The orc hits you with a trident.
* * * LOW HITPOINT WARNING * * *
You sock the orc!
You kill the orc!
Things that are here:
a trident; an orc corpse You hit the orc priest but do no damage.
The orc priest casts a cantrip, but nothing happens.
You hit the orc priest but do no damage.
The orc priest hits you but does no damage.
Your scale mail prevents you from hitting the orc priest.
The orc priest hits you with a whip.
You die...

.......)).............+......
.#....)..#.##.##....###...o..
##..###<#........#.# ....o
##. #.#.##.......# .... #
#.#.#####)#### ... ....# #.#
+# ##### #o# #o# #@# ###.###
#.....# #.....#### #........#
#.....##.# #.....# .. #######
##


You could see an orc priest and an orc.

Vanquished Creatures
  An orc priest (D:3)
  3 gnolls (D:3)
  2 oozes (D:1)
  A worm (D:2)
  3 giant geckos
  An orc (D:3)
  8 hobgoblins
  4 jackals (D:1)
  3 ball pythons
  5 bats
  A giant newt (D:1)
  6 goblins
  3 kobolds
  9 rats
  A plant (D:1)
51 creatures vanquished.

Notes
Turn   | Place    | Note
--------------------------------------------------------------
     0 | D:1      | Reinor the Minotaur Gladiator began the quest for the Orb.
     0 | D:1      | Reached XP level 1. HP: 18/18 MP: 0/0
    27 | D:1      | Reached skill level 4 in Staves
    36 | D:1      | Reached XP level 2. HP: 11/25 MP: 1/1
   329 | D:1      | Reached skill level 5 in Staves
   418 | D:1      | Reached XP level 3. HP: 21/30 MP: 2/2
  1688 | D:3      | Reached XP level 4. HP: 35/37 MP: 3/3
  1690 | D:3      | Reached skill level 6 in Staves
  1693 | D:3      | Reached skill level 1 in Armour
  1811 | D:3      | HP: 1/37 [orc/trident (5)]
  1816 | D:3      | Slain by an orc priest

Vault maps used:
D:1:      minmay_arrival_cross, serial_bayou_lagoon_a, monster_avoids_cloud
D:2:      minmay_door_square
D:3:      first_bread, cheibrodos_gnoll_hut

Action                   |  1- 3 |  4- 6 || total
-------------------------+-------+-------++-------
Melee: Quarterstaff      |   131 |    12 ||   143
  Use: Scroll            |     4 |       ||     4
  Eat: Chunk             |     3 |       ||     3
